AoeStats
← Steklowata

Arena

509894836Analyzed
4v4 RM · 3d ago on Sep 28, 2026· 29m 18s· 8 players
Game mode
Random Map
Map size
Large (8 player)
Population
200
Speed
Normal
Resources
Standard
Victory
Conquest
Starting age
Dark Age
Ending age
Imperial Age
RankedLock teamsTeams togetherTeam positionsShared explorationLock speedFull tech treeHidden civsTurbo modeCheats
Victory
Defeat
1118
+12
1111
+12
🇨🇳 Celts · China
1100
+13
🇨🇳 Franks · China
1051
+15
🇦🇷 Chinese · Argentina
1070
-14
🇹🇷 Inca · Türkiye
1067
-15
🇷🇺 Franks · Russia
1024
-13
🇷🇺 Italians · Russia
938
-10
Ryn
11:36 Feudal Age
16:56 Castle Age
TONYUKUK
11:32 Feudal Age
12:51 Double-Bit Axe
18:08 Castle Age
16:03 Horse Collar
17:53 Gold Mining
17:55 Stone Mining
18:47 Forging
20:42 Loom
20:23 Pikeman
23:54 Scale Mail Armor
25:48 Town Watch
29:39 Fletching
Zalypuch
2:05 Loom
10:34 Feudal Age
14:10 Double-Bit Axe
14:06 Horse Collar
18:10 Castle Age
16:10 Town Watch
23:28 Heavy Plow
24:13 Wheelbarrow
24:36 Bow Saw
Steklowata
12:21 Feudal Age
13:39 Double-Bit Axe
16:23 Castle Age
16:38 Gold Mining
17:41 Scale Barding Armor
20:42 Loom
24:33 Ordonnance Companies
76561199122638748
11:58 Feudal Age
16:12 Castle Age
14:21 Double-Bit Axe
14:47 Gold Mining
17:44 Bow Saw
18:46 Gold Shaft Mining
21:30 Forging
25:52 Loom
26:07 Stone Mining
28:47 Wheelbarrow
29:36 Hand Cart
30:08 Iron Casting
29:39 Scale Barding Armor
道八百里
11:17 Feudal Age
15:23 Castle Age
13:57 Horse Collar
14:05 Double-Bit Axe
15:16 Loom
16:55 Bow Saw
18:38 Gold Mining
19:33 Pikeman
20:16 Town Watch
20:34 Heavy Plow
23:36 Scale Mail Armor
25:01 Chain Mail Armor
26:19 Wheelbarrow
26:21 Forging
遇事不决选天朝
10:56 Feudal Age
9:48 Loom
14:48 Castle Age
13:01 Double-Bit Axe
13:11 Horse Collar
20:03 Gold Mining
20:03 Stone Mining
26:04 Wheelbarrow
26:48 Bow Saw
29:55 Hand Cart
适合结婚的好妹妹
11:08 Feudal Age
15:26 Castle Age
13:37 Double-Bit Axe
13:37 Horse Collar
15:03 Gold Mining
16:25 Forging
19:12 Scale Barding Armor
26:06 Chain Barding Armor
27:40 Bloodlines
Connection lost

Rejoining the realm…

Still unreachable

The connection could not be restored.

Session expired

The server has moved on; the page needs a fresh start.